[Event "Titled Tuesday Blitz January 03 Early 2023"]
[White "Jones, Gawain C B"]
[Black "Papp, Levente"]
[WhiteFideId "409561"]
[BlackFideId "751243"]
[WhiteElo "2618"]
[BlackElo "2353"]
[Result "1/2-1/2"]
[Round "02"]
[TimeControl "180+2"]
[Date "2023.01.03"]
[WhiteClock "0:00:05"]
[BlackClock "0:00:07"]

1. Nf3 Nf6 2. g3 d5 3. Bg2 c6 4. O-O Bg4 5. h3 Bh5 6. c4 e6 7. Qb3 Qb6 8. d3 Nbd7 9. Be3 Qxb3 10. axb3 a6 11. Bd2 Nc5 12. Ra3 Ncd7 13. b4 Be7 14. Bc3 Bxf3 15. Bxf3 e5 16. c5 O-O 17. e4 a5 18. Rxa5 Rxa5 19. bxa5 Nxc5 20. exd5 Nxd5 21. Bxe5 Nxd3 22. Bd4 Ra8 23. Bxd5 cxd5 24. Bb6 Nxb2 25. Nc3 d4 26. Nd5 Bf6 27. Nxf6+ gxf6 28. Bxd4 Nc4 29. Bxf6 Rxa5 30. Rd1 h5 31. Rd7 Rf5 32. Bc3 b5 33. Rd8+ Kh7 34. Rh8+ Kg6 35. Rg8+ Kh7 36. Rh8+ Kg6 37. f4 f6 38. Rd8 Ne3 39. Kf2 Rd5 40. Rg8+ Kf7 41. Rc8 Nd1+ 42. Ke2 Nxc3+ 43. Rxc3 Ke6 44. Kf3 b4 45. Rc6+ Kf7 46. Rb6 Rd4 47. g4 hxg4+ 48. Kxg4 Kg6 49. h4 Rc4 50. h5+ Kg7 51. Rb7+ Kh6 52. Rb6 Kg7 53. Rb8 Rd4 54. Kf5 Rd5+ 55. Kg4 Rd4 56. Rb6 Rc4 1/2-1/2


[Site "https://www.chess.com"]

[Event "Titled Tuesday Blitz January 03 Early 2023"]
[White "Yeletsky, Ivan"]
[Black "djokovic74"]
[WhiteFideId "24180327"]
[WhiteElo "2494"]
[BlackElo "2575"]
[Result "1-0"]
[Round "02"]
[TimeControl "180+2"]
[Date "2023.01.03"]
[WhiteClock "0:02:13"]
[BlackClock "0:00:06"]

1. c3 d5 2. Nf3 Nf6 3. g3 e6 4. Na3 Be7 5. Bg2 O-O 6. Nc2 c5 7. O-O Nc6 8. d3 b6 9. Rb1 Bb7 10. b4 cxb4 11. cxb4 Rc8 12. b5 Nb8 13. Nb4 Nbd7 14. Nd4 Bxb4 15. Rxb4 Qc7 16. Bb2 Nc5 17. Nb3 Nxb3 18. axb3 a5 19. bxa6 Bxa6 20. Bxf6 gxf6 21. Qa1 Qc3 22. Rg4+ Kh8 23. Qxa6 Qxb3 24. Qb7 Qb2 25. Bf3 f5 26. Ra4 Rb8 27. Qe7 Rbe8 28. Qh4 Qe5 29. Rb4 Rb8 30. Rfb1 Qd6 31. Rxb6 Rxb6 32. Qd4+ Kg8 33. Qxb6 Qe5 34. Kg2 Kg7 35. Qb2 Kf6 36. Qxe5+ Kxe5 37. e3 Rc8 38. d4+ Kf6 39. Rb7 Kg6 40. h3 Rc2 41. g4 fxg4 42. hxg4 Rd2 43. Kg3 Ra2 44. Bd1 Rd2 45. Ba4 f5 46. Be8+ Kh6 47. gxf5 exf5 48. Rd7 f4+ 49. Kf3 fxe3 50. fxe3 Rd1 51. Rxd5 Rg1 52. Bd7 Kg7 53. e4 Rf1+ 54. Ke2 Rg1 55. Bf5 h5 56. Rd7+ Kf6 57. Ke3 h4 58. Rd6+ Kf7 59. Rh6 Kg7 60. Rxh4 Kf6 61. Rh6+ Kf7 62. Rg6 Re1+ 63. Kf4 Rf1+ 64. Ke5 Ra1 65. d5 Kf8 66. Rc6 Kg7 67. d6 Kh6 68. d7+ Kh5 69. Bg4+ Kxg4 70. d8=Q Rf1 71. Rg6+ Kf3 72. Qf6+ Ke2 73. Qxf1+ 1-0


[Site "https://www.chess.com"]

[Event "Titled Tuesday Blitz January 03 Early 2023"]
[White "Ashraf, Artin"]
[Black "Tang, Andrew"]
[WhiteFideId "22514805"]
[BlackFideId "2059630"]
[WhiteElo "2314"]
[BlackElo "2523"]
[Result "0-1"]
[Round "02"]
[TimeControl "180+2"]
[Date "2023.01.03"]
[WhiteClock "0:00:03"]
[BlackClock "0:00:04"]

1. c4 e6 2. Nf3 d5 3. e3 Nf6 4. d4 b6 5. b3 Bb7 6. Bb2 Bd6 7. Nc3 Nbd7 8. Bd3 Ne4 9. O-O f5 10. Nb5 Be7 11. cxd5 exd5 12. Ne5 O-O 13. Rc1 Nxe5 14. dxe5 c5 15. f3 Ng5 16. Qc2 g6 17. Nd6 Bc6 18. Rfd1 Qd7 19. a4 Rad8 20. Bb5 Bxb5 21. axb5 Qe6 22. Qd3 Nf7 23. Qxd5 Qxd5 24. Rxd5 Bxd6 25. exd6 Rxd6 26. e4 Rxd5 27. exd5 Nd6 28. Re1 Re8 29. Rxe8+ Nxe8 30. Be5 Kf7 31. Bb8 Nf6 32. d6 Nd7 33. Bxa7 Ke6 34. g4 Kxd6 35. gxf5 gxf5 36. Kf2 f4 37. Kg2 Kc7 38. Kh3 Ne5 39. Kg2 Kb7 0-1


[Site "https://www.chess.com"]

[Event "Titled Tuesday Blitz January 03 Early 2023"]
[White "Babazada, Khazar"]
[Black "Vlassov, Nikolai"]
[WhiteFideId "13413554"]
[BlackFideId "4103360"]
[WhiteElo "2474"]
[BlackElo "2283"]
[Result "1-0"]
[Round "02"]
[TimeControl "180+2"]
[Date "2023.01.03"]
[WhiteClock "0:00:36"]
[BlackClock "0:00:04"]

1. Nf3 c5 2. c4 g6 3. g3 Bg7 4. Bg2 Nc6 5. O-O Nf6 6. Nc3 d5 7. d3 O-O 8. cxd5 Nxd5 9. Bd2 b6 10. Qa4 Bb7 11. Rac1 Qd7 12. Qh4 e6 13. Bh6 f6 14. Bxg7 Kxg7 15. Rfd1 Nde7 16. g4 g5 17. Qg3 Ng6 18. e3 Rad8 19. d4 cxd4 20. Nxd4 Nxd4 21. Rxd4 Qf7 22. Nb5 Rxd4 23. Nxd4 Bxg2 24. Qxg2 Rd8 25. Qc6 Nf8 26. a4 h5 27. h3 hxg4 28. hxg4 Rd7 29. Kg2 Re7 30. Qa8 Ng6 31. Rc8 Ne5 32. Kg3 f5 33. gxf5 exf5 34. Qh1 Ng6 35. Qh3 f4+ 36. Kh2 fxe3 37. Nf5+ Kf6 38. Nxe7 e2 39. Qc3+ Ne5 40. Rc6+ Kxe7 41. Qxe5+ Kd7 42. Rc7+ 1-0


[Site "https://www.chess.com"]

[Event "Titled Tuesday Blitz January 03 Early 2023"]
[White "Levitskiy, Andrey"]
[Black "Demchenko, Anton"]
[WhiteFideId "14132885"]
[BlackFideId "4160258"]
[WhiteElo "2304"]
[BlackElo "2623"]
[Result "1-0"]
[Round "02"]
[TimeControl "180+2"]
[Date "2023.01.03"]
[WhiteClock "0:00:04"]
[BlackClock "0:00:43"]

1. e4 e5 2. Nf3 Nc6 3. Bc4 Nf6 4. Ng5 d5 5. exd5 Na5 6. Bb5+ c6 7. dxc6 bxc6 8. Bd3 Nd5 9. Nf3 Bd6 10. O-O O-O 11. Re1 f5 12. Nxe5 Qf6 13. Nf3 g5 14. g3 g4 15. Nh4 f4 16. Kh1 Be6 17. Nc3 Nxc3 18. dxc3 Rad8 19. Ng2 fxg3 20. fxg3 Kh8 21. Be3 c5 22. b4 Nc4 23. Bxc4 Bxc4 24. Qxg4 Bd5 25. bxc5 Be5 26. Bd4 Bxd4 27. cxd4 Qf2 28. Qh3 Rde8 29. Rxe8 Rxe8 30. Rg1 Qxd4 31. Qh5 Qxc5 32. Qxe8+ Kg7 33. Qe5+ Kg8 34. Qg5+ Kh8 35. Qf6+ Kg8 36. Rf1 a5 37. Qg5+ Kh8 38. Qd8+ Kg7 39. Qf6+ Kg8 40. Qf2 Qd6 41. h3 h6 42. Kh2 a4 43. Rd1 Qe6 44. Nf4 Qe5 45. Rxd5 1-0


[Site "https://www.chess.com"]

[Event "Titled Tuesday Blitz January 03 Early 2023"]
[White "Zhigalko, Sergei"]
[Black "Aldokhin, Ivan"]
[WhiteFideId "13502956"]
[BlackFideId "24115720"]
[WhiteElo "2572"]
[BlackElo "2413"]
[Result "1-0"]
[Round "02"]
[TimeControl "180+2"]
[Date "2023.01.03"]
[WhiteClock "0:01:18"]
[BlackClock "0:01:22"]

1. e4 c5 2. Nf3 e6 3. c3 Nf6 4. e5 Nd5 5. Bc4 d6 6. d4 Nc6 7. O-O cxd4 8. cxd4 Be7 9. Bd2 O-O 10. Nc3 Nb6 11. Bb3 d5 12. Bc2 Bd7 13. h4 Nc4 14. Bc1 Nb4 15. Bb1 Rc8 16. Ng5 g6 17. Qg4 h5 18. Qg3 Kg7 19. Nxf7 Rxf7 20. Qxg6+ Kf8 21. Bh6+ Ke8 22. Qg8+ Bf8 23. Bg6 Qe7 24. Bg5 1-0


[Site "https://www.chess.com"]

[Event "Titled Tuesday Blitz January 03 Early 2023"]
[White "Ohanyan, Emin"]
[Black "Maksimenko, Viktor"]
[WhiteFideId "13312022"]
[BlackFideId "13710478"]
[WhiteElo "2444"]
[BlackElo "2196"]
[Result "1-0"]
[Round "02"]
[TimeControl "180+2"]
[Date "2023.01.03"]
[WhiteClock "0:00:58"]
[BlackClock "0:01:20"]

1. e4 e5 2. Nc3 Nc6 3. Bc4 Nf6 4. d3 Na5 5. Bb3 Bc5 6. f4 Nxb3 7. axb3 d6 8. Nf3 O-O 9. Qe2 Re8 10. f5 h6 11. Be3 Bxe3 12. Qxe3 d5 13. Qe2 Qd6 14. O-O Bd7 15. h3 Bc6 16. g4 b5 17. Ra6 b4 18. Na4 dxe4 19. dxe4 Rad8 20. Qc4 Nxe4 21. Rxc6 Qd5 22. Rxc7 Ng3 23. Re1 e4 24. Qxd5 Rxd5 25. Nc5 exf3 26. Rxe8+ Kh7 27. Kf2 1-0


[Site "https://www.chess.com"]

[Event "Titled Tuesday Blitz January 03 Early 2023"]
[White "Sharifov, Mekhriddin"]
[Black "Ozen, Bahadir"]
[WhiteFideId "14701545"]
[BlackFideId "6337058"]
[WhiteElo "2209"]
[BlackElo "2369"]
[Result "1/2-1/2"]
[Round "02"]
[TimeControl "180+2"]
[Date "2023.01.03"]
[WhiteClock "0:00:47"]
[BlackClock "0:00:20"]

1. e4 d6 2. d4 Nf6 3. Nc3 e5 4. Nf3 Nbd7 5. Bc4 Be7 6. O-O O-O 7. a4 c6 8. h3 b6 9. Qe2 a6 10. Be3 Bb7 11. Rfd1 Qc7 12. Bb3 b5 13. axb5 axb5 14. Rxa8 Bxa8 15. d5 b4 16. dxc6 bxc3 17. cxd7 Nxe4 18. Bc1 Bc6 19. Qc4 cxb2 20. Bxb2 Nc5 21. d8=Q Bxd8 22. Nxe5 Be8 23. Ng4 Nxb3 24. Qxb3 Kh8 25. Qd3 Be7 26. Ne3 f6 27. Nd5 Qd7 28. Nxe7 Qxe7 29. Qxd6 Qxd6 30. Rxd6 Bg6 31. c4 Rc8 32. c5 Kg8 33. Bd4 Be4 34. f3 Bc6 35. Bf2 Kf7 36. Rd2 Ke7 37. Kh2 h6 38. Ra2 Ra8 39. Re2+ Kf7 40. Bg3 Re8 41. Rb2 g5 42. Rb6 Rc8 43. Ra6 Ke6 44. Bd6 h5 45. Ra7 h4 46. Re7+ Kf5 47. Re2 Ra8 48. Kg1 Ra3 49. Kf2 Rb3 50. Rd2 Ra3 51. Be7 Ra6 52. Rd6 Bb5 53. Rb6 Rxb6 54. cxb6 Bc6 55. Bd8 Ke6 56. Ke3 Bb7 57. Kd4 Ba8 58. Kc5 Bb7 59. Kb5 Ke5 60. Kc5 Ke6 61. Bc7 Ba8 62. Kb5 Bb7 63. Bh2 Kd5 64. Bg1 Ke5 65. Bc5 Kd5 66. Be7 Ke6 67. Bb4 Kd5 68. Be1 Ke6 69. Kc5 Ba8 70. Bc3 Bb7 71. Kd4 Kf5 72. Ke3 Ba8 73. Kf2 Bb7 74. g3 hxg3+ 75. Kxg3 Bc6 76. Bd2 Bb7 77. f4 Ba8 78. Bc1 Bb7 79. fxg5 fxg5 80. Kf2 Bc6 81. Ke2 g4 82. h4 g3 83. Kf1 Kg4 84. Bg5 g2+ 85. Kf2 Bb7 86. Bd8 Bc6 87. Be7 Kh5 88. Bd8 Bb7 89. Kg1 Bc6 90. Be7 Bb7 91. Bf6 Bc6 92. b7 Bxb7 93. Bg5 Kg4 94. Bd8 Bc6 95. h5 Kxh5 96. Bb6 Kg4 97. Bf2 Kf3 98. Bc5 Bd5 99. Bb6 Be6 100. Ba7 Bf7 101. Bb6 Bg8 102. Ba7 Bh7 103. Bb6 Bg6 104. Ba7 Be8 105. Bb6 Bd7 106. Ba7 Bc6 107. Bb6 Bb7 108. Ba7 Ke4 109. Bb6 Kd5 110. Ba7 Kc4 111. Bb8 Kb4 112. Bg3 Kb5 113. Bh4 Bd5 114. Bg3 Kc6 115. Bh4 Kd7 116. Bg3 Ke8 117. Bf2 Kf7 118. Bd4 Kg8 119. Bc5 Kh7 120. Bf2 Kg6 121. Be3 Kf5 122. Ba7 Be4 123. Bb8 Ke6 124. Ba7 Kd5 125. Bf2 Kc6 126. Bg3 Kb7 127. Bf2 Kc8 128. Bg3 Kd7 129. Bf2 Ke8 130. Bg3 Kf7 131. Bf2 Kg6 132. Bg3 Bd5 133. Bf2 Bc6 134. Bg3 Bb7 135. Bf2 Ba8 136. Bg3 Kh7 137. Bf2 Kg8 138. Bg3 Kf7 139. Bf2 Ke8 140. Bg3 Kd8 141. Bf2 Kc8 142. Bg3 Kd7 143. Bf2 Kc6 144. Bg3 Kd5 145. Bf2 Kc4 1/2-1/2


[Site "https://www.chess.com"]

[Event "Titled Tuesday Blitz January 03 Early 2023"]
[White "Sethuraman, S.P."]
[Black "Maevsky, Nikolay"]
[WhiteFideId "5021596"]
[BlackFideId "4198220"]
[WhiteElo "2626"]
[BlackElo "2277"]
[Result "1-0"]
[Round "02"]
[TimeControl "180+2"]
[Date "2023.01.03"]
[WhiteClock "0:00:05"]
[BlackClock "0:00:03"]

1. d4 d5 2. c4 Nc6 3. Nf3 Bg4 4. cxd5 Bxf3 5. gxf3 Qxd5 6. e3 e5 7. Nc3 Bb4 8. a3 Bxc3+ 9. bxc3 Qd6 10. Rb1 Rb8 11. d5 Nce7 12. c4 Nf6 13. Be2 O-O 14. O-O e4 15. f4 c6 16. Bb2 Ng6 17. dxc6 Qxc6 18. Qc2 Rfe8 19. Kh1 Rbc8 20. Rbc1 Nh4 21. Rg1 Rcd8 22. Qc3 Re6 23. Rg3 g6 24. Qc2 Rd3 25. Kg1 Rd7 26. Qc3 b6 27. h3 Rdd6 28. Kh2 Kf8 29. a4 Kg8 30. a5 Rd7 31. Rg5 h6 32. Rb5 Kh7 33. axb6 axb6 34. Rg1 Rd3 35. Qc2 Rd7 36. Bd4 Qc7 37. Qb2 Rdd6 38. Be5 Qd7 39. Bxd6 Rxd6 40. Qc3 Qe6 41. Re5 Qc8 42. Rb5 Qd7 43. c5 bxc5 44. Rxc5 Rd2 45. Qxf6 Rxe2 46. Qxh4 Qd2 47. Rg2 Qd6 48. Re5 Re1 49. Qe7 Qd1 50. Qxf7+ Kh8 51. Re8# 1-0


[Site "https://www.chess.com"]

[Event "Titled Tuesday Blitz January 03 Early 2023"]
[White "Cnejev, Vladimir-Alexandru"]
[Black "Harsha Bharathakoti"]
[WhiteFideId "1260898"]
[BlackFideId "5078776"]
[WhiteElo "2374"]
[BlackElo "2602"]
[Result "0-1"]
[Round "02"]
[TimeControl "180+2"]
[Date "2023.01.03"]
[WhiteClock "0:00:04"]
[BlackClock "0:00:08"]

1. e4 c6 2. d4 d5 3. exd5 cxd5 4. Bd3 Nc6 5. c3 Nf6 6. Bf4 Bg4 7. Qb3 Qd7 8. Nd2 e6 9. Ngf3 Bd6 10. Bxd6 Qxd6 11. O-O O-O 12. Rae1 Ne7 13. Ne5 Bf5 14. Bxf5 Nxf5 15. Qd1 Qc7 16. g4 Nd6 17. Re3 b5 18. g5 Nd7 19. Nxd7 Qxd7 20. Rh3 g6 21. Qg4 f6 22. Re1 Rae8 23. Nf3 Ne4 24. gxf6 Rxf6 25. Re2 Ref8 26. Ne5 Qg7 27. f3 Nd6 28. Qg2 a5 29. Rg3 Nf5 30. Rh3 b4 31. Ng4 R6f7 32. Rxe6 bxc3 33. bxc3 Rc7 34. Qd2 Rfc8 35. f4 Rf8 36. Re5 Nd6 37. Re6 Ne4 38. Qe1 Rxf4 39. Re3 Rxg4+ 40. Kh1 Rf7 41. R6xe4 Rxe4 42. Rxe4 dxe4 43. Qxe4 Qf6 44. Qa8+ Kg7 45. Qg2 0-1


[Site "https://www.chess.com"]

[Event "Titled Tuesday Blitz January 03 Early 2023"]
[White "Christie, Joshua"]
[Black "Kozak, Adam"]
[WhiteFideId "7402074"]
[BlackFideId "753246"]
[WhiteElo "2294"]
[BlackElo "2572"]
[Result "0-1"]
[Round "02"]
[TimeControl "180+2"]
[Date "2023.01.03"]
[WhiteClock "0:00:28"]
[BlackClock "0:02:16"]

1. Nf3 b6 2. b3 Bb7 3. Bb2 Nf6 4. c4 g6 5. g3 Bg7 6. Bg2 O-O 7. O-O c5 8. Nc3 d5 9. cxd5 Nxd5 10. Qc1 Nc7 11. Rd1 Nc6 12. Ne4 e5 13. d3 Rb8 14. e3 h6 15. Ned2 f5 16. Nc4 Qe7 17. d4 cxd4 18. exd4 e4 19. d5 exf3 20. d6 Qf7 21. dxc7 Qxc7 22. Bxf3 Rfd8 23. Bxg7 Qxg7 24. Qf4 Nd4 25. Ne5 Qxe5 0-1


[Site "https://www.chess.com"]

[Event "Titled Tuesday Blitz January 03 Early 2023"]
[White "Sanal, Vahap"]
[Black "Filgueira, Hernan"]
[WhiteFideId "6300545"]
[BlackFideId "101770"]
[WhiteElo "2600"]
[BlackElo "2283"]
[Result "1-0"]
[Round "02"]
[TimeControl "180+2"]
[Date "2023.01.03"]
[WhiteClock "0:00:49"]
[BlackClock "0:00:11"]

1. Nf3 d5 2. g3 Bg4 3. Bg2 c6 4. O-O Nd7 5. d3 Ngf6 6. h3 Bh5 7. g4 Bg6 8. Nh4 e6 9. e3 Bd6 10. Nd2 Qc7 11. a4 h5 12. Nxg6 fxg6 13. g5 Nh7 14. h4 O-O 15. d4 Rf7 16. f4 Nhf8 17. c3 c5 18. Nf3 cxd4 19. cxd4 a5 20. Bd2 Nb8 21. Qb3 Nc6 22. Rac1 Ra6 23. Ne5 Bxe5 24. fxe5 Rf5 25. Bh3 Rxf1+ 26. Rxf1 Ra8 27. Bc3 Qd7 28. Qb5 Qe7 29. Kg2 Nb4 30. Bxb4 axb4 31. Rc1 Rd8 32. Qb6 Re8 33. Rc7 Qd8 34. Qxb7 Qa8 35. Rxg7+ Kh8 36. Qf7 1-0


[Site "https://www.chess.com"]

[Event "Titled Tuesday Blitz January 03 Early 2023"]
[White "Gascon Del Nogal, Jose Rafael"]
[Black "Gunina, Valentina"]
[WhiteFideId "3902463"]
[BlackFideId "4167570"]
[WhiteElo "2459"]
[BlackElo "2469"]
[Result "0-1"]
[Round "02"]
[TimeControl "180+2"]
[Date "2023.01.03"]
[WhiteClock "0:00:03"]
[BlackClock "0:01:08"]

1. e4 c6 2. d4 d5 3. exd5 cxd5 4. Bd3 Nc6 5. c3 e6 6. Nf3 Bd6 7. O-O Nge7 8. Re1 O-O 9. Qe2 f6 10. c4 Nb4 11. Nc3 Nxd3 12. Qxd3 Bd7 13. c5 Bb8 14. b4 a6 15. a4 Bc7 16. Bd2 Qe8 17. b5 Qf7 18. Rab1 e5 19. dxe5 fxe5 20. Nxe5 Bxe5 21. Rxe5 Bf5 22. Rxf5 Nxf5 23. c6 axb5 24. axb5 bxc6 25. bxc6 Ne7 26. c7 Rac8 27. Qg3 Rxc7 28. Ne2 Rc2 29. Rd1 Nf5 30. Qd3 Rc4 31. Bf4 Nd4 32. Nxd4 Qxf4 33. f3 Rc1 34. Ne6 Qc4 35. Qxc4 Rxd1+ 36. Qf1 Rxf1+ 37. Kxf1 Ra8 38. Nd4 Ra2 39. Ne2 Kf7 40. Kf2 Kf6 41. Ke3 Ke5 42. f4+ Kd6 43. g4 Kc5 44. h4 Kc4 45. g5 Ra3+ 46. Kd2 Rh3 47. f5 Rf3 48. f6 gxf6 49. gxf6 Rxf6 0-1


[Site "https://www.chess.com"]

[Event "Titled Tuesday Blitz January 03 Early 2023"]
[White "Florescu, Codrut-Constantin"]
[Black "Kobalia, Mikhail"]
[WhiteFideId "1202200"]
[BlackFideId "4119150"]
[WhiteElo "2259"]
[BlackElo "2578"]
[Result "0-1"]
[Round "02"]
[TimeControl "180+2"]
[Date "2023.01.03"]
[WhiteClock "0:02:20"]
[BlackClock "0:02:23"]

1. e4 c5 2. Nf3 e6 3. d4 cxd4 4. Nxd4 Nc6 5. Nc3 a6 6. Nxc6 bxc6 7. Bd3 d5 8. O-O Nf6 9. Qe2 Be7 10. e5 Nd7 11. Na4 Bb7 12. c4 Nb6 13. Nxb6 Qxb6 14. b3 d4 15. Qg4 g6 16. Bh6 c5 17. Rae1 a5 18. Be4 Bc6 19. Bxc6+ Qxc6 20. Re4 Bf8 21. Bxf8 Kxf8 22. Qg5 Qxe4 0-1


[Site "https://www.chess.com"]

[Event "Titled Tuesday Blitz January 03 Early 2023"]
[White "Ter-Sahakyan, Samvel"]
[Black "MKlose11"]
[WhiteFideId "13302531"]
[WhiteElo "2617"]
[BlackElo "2554"]
[Result "1-0"]
[Round "02"]
[TimeControl "180+2"]
[Date "2023.01.03"]
[WhiteClock "0:00:09"]
[BlackClock "0:00:15"]

1. d4 Nf6 2. c4 c5 3. d5 b5 4. cxb5 a6 5. e3 g6 6. Nc3 Bg7 7. a4 O-O 8. e4 d6 9. Bc4 axb5 10. Bxb5 Ba6 11. Bxa6 Nxa6 12. Nge2 Qb6 13. O-O Rfb8 14. Ra3 Nd7 15. Nb5 Nc7 16. Nec3 Ne5 17. Qe2 Qa5 18. Bd2 Nd7 19. h3 Qb6 20. Rb1 Rb7 21. b4 Nxb5 22. Nxb5 Qxb5 23. axb5 Rxa3 24. bxc5 Nxc5 25. b6 Ra6 26. Qb5 Bd4 27. Bh6 Rb8 28. b7 f6 29. Rd1 Ra4 30. Qc6 Kf7 31. Qc8 Na6 32. Qe6+ Ke8 33. Bg7 Be5 34. f4 Bc3 35. e5 dxe5 36. d6 Bd4+ 37. Rxd4 Ra1+ 38. Kh2 Nc5 39. Qxe7# 1-0


[Site "https://www.chess.com"]

[Event "Titled Tuesday Blitz January 03 Early 2023"]
[White "Yaran, Siar"]
[Black "Oliveira, Silvio Eduardo"]
[WhiteFideId "6323006"]
[BlackFideId "2111560"]
[WhiteElo "2288"]
[BlackElo "2297"]
[Result "1/2-1/2"]
[Round "02"]
[TimeControl "180+2"]
[Date "2023.01.03"]
[WhiteClock "0:00:05"]
[BlackClock "0:00:11"]

1. d4 Nf6 2. c4 e6 3. Nc3 d5 4. Bg5 Be7 5. e3 h6 6. Bh4 O-O 7. Nf3 b6 8. Bd3 dxc4 9. Bxc4 Bb7 10. O-O Nbd7 11. Qe2 Nd5 12. Bg3 N7f6 13. Rfc1 Nxc3 14. Rxc3 Ne4 15. Rc2 Nxg3 16. hxg3 c5 17. Ba6 Be4 18. Bd3 Bxd3 19. Qxd3 Qd5 20. e4 Qd7 21. Rd1 Rfd8 22. Qa6 Bf6 23. d5 exd5 24. Rxd5 Qg4 25. Re2 Rxd5 26. exd5 Qd7 27. Qc4 Rc8 28. a4 Rd8 29. Rd2 g5 30. g4 Kg7 31. b3 Qd6 32. g3 Re8 33. Kg2 Re7 34. Qb5 Rd7 35. Qc4 Re7 36. Qb5 Re4 37. Qc6 Be7 38. Nh2 Rd4 39. Rxd4 cxd4 40. Qxd6 Bxd6 41. Kf3 d3 42. Nf1 Bc5 43. Ke4 Bxf2 44. Kxd3 Kf6 45. Ke4 a6 46. b4 b5 47. axb5 axb5 48. Ne3 Be1 49. Nf5 Bxb4 50. d6 Ke6 51. d7 Kxd7 52. Nxh6 Bd6 53. Kd5 Bxg3 54. Nxf7 b4 55. Kc4 Be1 56. Nxg5 Ke7 57. Ne4 Ke6 58. Kd4 b3 59. Nc5+ Kf6 60. Nxb3 Kg5 61. Ke4 Kxg4 1/2-1/2


[Site "https://www.chess.com"]

[Event "Titled Tuesday Blitz January 03 Early 2023"]
[White "Nenezic, Marko"]
[Black "Graca, Robert"]
[WhiteFideId "912123"]
[BlackFideId "644943"]
[WhiteElo "2514"]
[BlackElo "2270"]
[Result "1-0"]
[Round "02"]
[TimeControl "180+2"]
[Date "2023.01.03"]
[WhiteClock "0:00:13"]
[BlackClock "0:00:03"]

1. Nf3 Nf6 2. c4 c5 3. g3 d5 4. d4 cxd4 5. Nxd4 e5 6. Nc2 d4 7. Bg2 Nc6 8. O-O Be7 9. Bg5 O-O 10. Nd2 Be6 11. Bxf6 Bxf6 12. b4 Rc8 13. c5 Be7 14. f4 f6 15. f5 Bd5 16. Ne4 Kh8 17. a3 Qd7 18. Ne1 a5 19. Nd3 axb4 20. axb4 Ra8 21. Qd2 Qc7 22. g4 Bc4 23. Rfc1 Bb5 24. Ng3 b6 25. Rab1 Rfb8 26. Rb2 Ra3 27. Rbc2 Qd7 28. cxb6 Rxb6 29. Nc5 Qa7 30. Nge4 h6 31. Kh1 Bf8 32. Ne6 Bxb4 33. Qd1 Be7 34. N4c5 d3 35. exd3 Nb4 36. Rd2 Rd6 37. d4 exd4 38. Rxd4 Rxd4 39. Qxd4 Nc6 40. Qd7 Qxd7 41. Nxd7 Ra2 42. Bxc6 Be2 43. h3 Bd6 44. Bg2 Ba6 45. Ndc5 Bc8 46. Ne4 1-0


[Site "https://www.chess.com"]

[Event "Titled Tuesday Blitz January 03 Early 2023"]
[White "Sadykov, Ramil"]
[Black "Bryakin, Mikhail"]
[WhiteFideId "24113590"]
[BlackFideId "4165314"]
[WhiteElo "2345"]
[BlackElo "2455"]
[Result "0-1"]
[Round "02"]
[TimeControl "180+2"]
[Date "2023.01.03"]
[WhiteClock "0:00:01"]
[BlackClock "0:00:13"]

1. e4 d5 2. exd5 Qxd5 3. Nc3 Qe5+ 4. Be2 Bg4 5. d4 Bxe2 6. Ngxe2 Qa5 7. O-O Nf6 8. d5 c6 9. b4 Qd8 10. dxc6 Nxc6 11. b5 Qxd1 12. Rxd1 Ne5 13. b6 a6 14. Bf4 Nc4 15. Rd4 Na5 16. Bc7 Nc6 17. Rd3 e6 18. Rad1 Bc5 19. Na4 Be7 20. c4 O-O 21. f3 Rfc8 22. a3 Ne8 23. Bf4 e5 24. Be3 Rd8 25. Rd7 Nf6 26. R7d3 Bxa3 27. Nec3 Rxd3 28. Rxd3 Nb4 29. Rd2 Nc6 30. c5 Bb4 31. Rd3 Bxc3 32. Nxc3 Kf8 33. Bg5 Rd8 34. Rxd8+ Nxd8 35. Bxf6 gxf6 36. Nd5 f5 37. Nb4 Ke7 38. c6 bxc6 39. Nxa6 Nb7 40. Nb4 Kd6 41. Nd3 f6 42. g4 fxg4 43. fxg4 c5 44. Nf2 Kd5 45. Kf1 Nd6 46. Ke2 Kc6 47. g5 fxg5 48. Ng4 e4 49. Nf6 h6 50. Ng8 h5 51. Nf6 h4 52. Ke3 Kxb6 53. Nh7 g4 54. Nf6 g3 55. hxg3 hxg3 56. Nh5 g2 57. Kf2 c4 58. Nf4 c3 59. Nd5+ Kc5 60. Nxc3 e3+ 61. Kxg2 Kd4 62. Ne2+ Kd3 63. Kf3 Nc4 64. Nf4+ Kd2 65. Ne2 Ne5+ 0-1


[Site "https://www.chess.com"]

[Event "Titled Tuesday Blitz January 03 Early 2023"]
[White "Galchenko, Matvey"]
[Black "Leenhouts, Koen"]
[WhiteFideId "24175480"]
[BlackFideId "1008439"]
[WhiteElo "2438"]
[BlackElo "2447"]
[Result "1/2-1/2"]
[Round "02"]
[TimeControl "180+2"]
[Date "2023.01.03"]
[WhiteClock "0:00:05"]
[BlackClock "0:00:05"]

1. f4 d5 2. Nf3 Nf6 3. g3 g6 4. Bg2 Bg7 5. O-O O-O 6. d3 c5 7. Nc3 Nc6 8. e4 dxe4 9. dxe4 e5 10. Qxd8 Rxd8 11. Nxe5 Nxe5 12. fxe5 Ng4 13. Bg5 Re8 14. Nd5 Bxe5 15. h3 Bd4+ 16. Kh1 Nf2+ 17. Kh2 Nxe4 18. Rae1 Nd6 19. Nc7 Rxe1 20. Rxe1 Rb8 21. Bf4 Nc4 22. c3 Bf6 23. Ne8 Be5 24. Bxe5 Nxe5 25. Rxe5 Be6 26. Nd6 b6 27. c4 Rd8 28. Ne4 Bxc4 29. b3 Be6 30. g4 Kg7 31. g5 h6 32. h4 hxg5 33. hxg5 Rd3 34. Kg1 a5 35. Kf2 a4 36. Bf1 axb3 37. axb3 Rxb3 38. Be2 Rb2 39. Ke3 Rb3+ 40. Kd2 Rb4 41. Nf6 Rd4+ 42. Kc3 Rd8 43. Bd3 Ra8 44. Re1 Ra3+ 45. Kc2 c4 46. Be4 Rg3 47. Ne8+ Kf8 48. Nc7 Rxg5 49. Bb7 Bf5+ 50. Kc3 Rg4 51. Re8+ Kg7 52. Bd5 b5 53. Nxb5 Be6 54. Bc6 Rg3+ 55. Kc2 Rh3 56. Nd4 Rh2+ 57. Kc3 Rh3+ 58. Kb4 c3 59. Nxe6+ fxe6 60. Rxe6 c2 61. Re1 Re3 62. Rc1 Re2 63. Bb5 Rf2 64. Bd3 g5 65. Kc4 Kf6 66. Kd4 g4 67. Ke3 g3 68. Bxc2 Kg5 69. Be4 Ra2 70. Rc6 Ra3+ 71. Ke2 Kf4 72. Bd5 Re3+ 73. Kf1 Re5 74. Rd6 Ke3 75. Bc6 Rc5 76. Kg2 Kf4 77. Bb7 Rc2+ 78. Kg1 Rc1+ 79. Kg2 Rc2+ 80. Kf1 Rc1+ 81. Ke2 Rc2+ 82. Ke1 Rc1+ 83. Kd2 Rb1 84. Bd5 g2 85. Bxg2 Rb2+ 86. Kc3 Rxg2 87. Rd4+ Ke3 88. Rd3+ Ke4 89. Rd2 Rxd2 90. Kxd2 1/2-1/2


[Site "https://www.chess.com"]

[Event "Titled Tuesday Blitz January 03 Early 2023"]
[White "Dev, Shah"]
[Black "Kopylov, Alexander A."]
[WhiteFideId "35019058"]
[BlackFideId "4164857"]
[WhiteElo "2334"]
[BlackElo "2397"]
[Result "1-0"]
[Round "02"]
[TimeControl "180+2"]
[Date "2023.01.03"]
[WhiteClock "0:00:11"]
[BlackClock "0:01:08"]

1. d4 Nf6 2. c4 e6 3. g3 d5 4. Bg2 Be7 5. Nf3 O-O 6. O-O dxc4 7. Qa4 Bd7 8. Qxc4 Bc6 9. Nc3 Nbd7 10. Rd1 a6 11. Ne5 Bxg2 12. Kxg2 c6 13. Nxd7 Qxd7 14. Bf4 Nd5 15. Nxd5 cxd5 16. Qd3 Rac8 17. Rac1 Qa4 18. a3 h6 19. Rxc8 Rxc8 20. Rc1 Rxc1 21. Bxc1 Bf6 22. Be3 h5 23. h4 g6 24. f3 Kf8 25. Bf2 Qc6 26. e4 Bd8 27. e5 Bb6 28. Qb3 Ke8 29. g4 Kd7 30. gxh5 gxh5 31. Qd3 Qc1 32. Qh7 Qf4 33. Qxh5 Bd8 34. Qg4 Qh6 35. h5 Bg5 36. Kh3 Bc1 37. Bg3 Bxb2 38. Bf4 Qh7 39. h6 Bxd4 40. Qg5 Bc5 41. Kg3 Bf8 42. Qf6 d4 43. Bg5 Kc6 44. Qd8 Bc5 45. Qc8+ Kd5 46. Qxb7+ Kc4 47. Qxa6+ Kd5 48. Qb7+ Kc4 49. Qe4 Kc3 50. Qxh7 d3 51. Qxd3+ Kxd3 52. h7 Bf2+ 53. Kxf2 Kd4 54. h8=Q f5 55. exf6 Kc3 56. f7+ Kb3 57. f8=Q e5 58. Qb4+ Ka2 59. Qc8 Ka1 60. Qc1+ Ka2 61. Qcb2# 1-0


[Site "https://www.chess.com"]